[Event "5th Sharjah Masters 2022"]
[Site "Sharjah"]
[Date "2022.05.27"]
[Round "7.34"]
[White "Baenziger, Fabian"]
[Black "Buksa, Nataliya"]
[Result "1/2-1/2"]
[ECO "D80"]
[WhiteElo "2430"]
[BlackElo "2406"]
[Annotator "TA"]
[PlyCount "37"]
[EventDate "2022.05.21"]
[EventType "swiss"]
[EventCountry "UAE"]
[SourceTitle "playchess.com"]
[Source "ChessBase"]
[SourceQuality "1"]
[TimeControl "5400+30"]

1. d4 Nf6 2. c4 g6 3. Nc3 d5 4. Nf3 Bg7 5. Bg5 Ne4 6. Bf4 Nxc3 7. bxc3 c5 8. cxd5 Qxd5 9. e3 O-O 10. Be2 cxd4 11. cxd4 Qa5+ 12. Qd2 Qxd2+ 13. Kxd2 Nc6 {[%emt 0:00:03] The position is equal.} 14. Rhb1 {[%emt 0:01:33] D80: Grünfeld: Unusual White 4th moves and 4 Bg5.} Rd8 15. Ke1 b6 16. a4 Bf5 {[%emt 0:00:55] [#]} 17. Rb3 $146 ({Predecessor:} 17. Rb2 a5 18. Rc1 Nb4 19. Kd2 Rdc8 20. Rxc8+ Rxc8 21. Ne5 f6 22. Nc4 e5 23. dxe5 {½-½ (29) Millstone,M (2341)-Sneddon,I (2367) ICCF email 2021}) 17... a5 18. Rxb6 Nb4 {[%emt 0:00:32] [#] Strongly threatening ...Nc2+.} 19. Rc1 {[%emt 0:00:10] A rather calm draw.  Weighted Error Value: White=0.04 (flawless) /Black=0.00 (flawless)} 1/2-1/2

[Event "5th Sharjah Masters 2022"]
[Site "Sharjah"]
[Date "2022.05.27"]
[Round "7.35"]
[White "Aziz, Husain"]
[Black "Haznedaroglu, Kivanc"]
[Result "0-1"]
[ECO "B22"]
[WhiteElo "2379"]
[BlackElo "2425"]
[Annotator "TA"]
[PlyCount "100"]
[EventDate "2022.05.21"]
[EventType "swiss"]
[EventCountry "UAE"]
[SourceTitle "playchess.com"]
[Source "ChessBase"]
[SourceQuality "1"]
[TimeControl "5400+30"]

1. e4 c5 2. Nf3 e6 3. c3 Nf6 4. e5 Nd5 5. Bc4 d6 6. d4 cxd4 7. cxd4 Nb6 8. Bb3 Nc6 9. Qe2 {[%emt 0:01:07] 9.exd6 is the modern continuation.} Be7 {[%emt 0:01:23] was the old line (9...dxe5). B22: Sicilian: 2 c3.} 10. Nc3 d5 11. h4 {[%emt 0:02:46][%cal Bh2h4,Bh4h5,Bh5h6][%mdl 32] [#]} a6 $146 {[%emt 0:03:15] White is slightly better.} ({Predecessor:} 11... h6 12. h5 Bd7 13. O-O a6 14. Bf4 Rc8 15. Rad1 Na5 16. Bc2 Nbc4 17. Bd3 Qb6 {½-½ (54) Predojevic,B (2609)-Tomic,B (2393) Vogosca 2007}) 12. h5 Bd7 13. h6 g6 14. O-O O-O 15. Rd1 Rc8 16. Bf4 Na5 17. Nh2 Nbc4 18. Ng4 Nxb3 19. axb3 Na5 20. b4 $1 ({Much weaker is} 20. Qc2 Qb6 21. Qd3 Nxb3 $17) 20... Nc4 21. b3 Na3 (21... Bxb4 $2 22. Nf6+ (22. bxc4 Bxc3 23. Nf6+ Kh8 $16) (22. Na2 Be7 $16) 22... Kh8 23. Na2 $18 (23. bxc4 Bxc3 24. Rac1 Rxc4 $16)) 22. Nxd5 (22. Qd2 $14) 22... exd5 $11 23. Rxa3 Bxg4 24. Qxg4 Bxb4 25. Bg5 Qb6 26. Raa1 Qe6 27. Qf3 Rc2 28. Rac1 Rfc8 29. Rxc2 Rxc2 30. Rc1 Rxc1+ 31. Bxc1 {[%emt 0:00:02][%mdl 4096] Endgame KQB-KQB} Kf8 32. Kf1 Ke8 33. Ke2 (33. g3 $11 {keeps the balance.}) 33... Kd7 ({Black should play} 33... Qc8 $17 {( -> ...Qc2+)} 34. Kd1 Qc3 35. Qxc3 Bxc3) 34. Bd2 Be7 35. Kf1 f6 36. Bf4 f5 37. Bd2 b6 38. Kg1 Qc6 39. g4 Qe6 40. gxf5 gxf5 41. Kf1 Qf7 42. Qe2 b5 43. Ba5 Qe6 44. Qc2 (44. Qh5 $14) 44... Ke8 $1 45. Qc7 f4 46. Ke1 f3 47. Bd2 $2 (47. Qb7 $11 {and White stays safe.}) 47... Qg6 $19 48. Be3 {[%emt 0:01:03] [#]} (48. Qb8+ $19 Bd8 49. Ba5 Qb1+ 50. Kd2 Qa2+ 51. Ke3 Qxa5 52. Qc8 Qe1+ 53. Kxf3 Qe4+ 54. Kg3 Qg6+ 55. Kf3 Qxh6 56. Ke2) 48... Bb4+ {[%emt 0:00:17] Black mates.} 49. Kd1 Qd3+ 50. Kc1 Ba3# {[%emt 0:06:43] Weighted Error Value: White=0.42/Black=0.06 (flawless)} 0-1

[Event "5th Sharjah Masters 2022"]
[Site "Sharjah"]
[Date "2022.05.27"]
[Round "7.36"]
[White "Assaubayeva, Bibisara"]
[Black "Farahat, Ali"]
[Result "1-0"]
[ECO "A06"]
[WhiteElo "2439"]
[BlackElo "2381"]
[Annotator "TA"]
[PlyCount "115"]
[EventDate "2022.05.21"]
[EventType "swiss"]
[EventCountry "UAE"]
[SourceTitle "playchess.com"]
[Source "ChessBase"]
[SourceQuality "1"]
[TimeControl "5400+30"]

1. d4 {[%emt 0:00:04] Golod,V} d5 2. c4 c6 3. Nf3 Nf6 4. e3 e6 5. b3 Nbd7 6. Bd3 Bd6 7. Bb2 Ne4 {[%emt 0:00:13] A06: Réti Opening: 1 Nf3 d5.} 8. O-O f5 9. Ba3 Bxa3 {[%emt 0:04:07] The position is equal.} 10. Nxa3 a5 {[%emt 0:00:36] [#]} 11. Nc2 $146 ({Predecessor:} 11. Nd2 O-O 12. f3 Nxd2 13. Qxd2 Nf6 14. Nc2 b6 15. cxd5 exd5 16. b4 Bd7 17. Rfb1 Qc7 18. bxa5 Rxa5 {1-0 (45) Golod,V (2555)-Ehlvest,J (2602) New York 2003 CBM 099 [Golod,V]}) 11... Qf6 12. a3 O-O 13. b4 Kh8 14. Nd2 e5 15. cxd5 Nc3 16. Qe1 Nxd5 (16... e4 $15 {feels stronger.} 17. Be2 cxd5) 17. bxa5 $11 exd4 18. Nxd4 Ne5 19. Bc4 Rxa5 20. N2b3 Ra8 21. Bxd5 cxd5 22. Qb4 f4 23. exf4 Nd3 24. Qd2 Nxf4 {[%emt 0:00:07][%cal Oc8h3] Threatens to win with ...Bh3!} 25. Kh1 b6 26. Rfc1 Bd7 27. Rc3 Qd6 28. Rf3 h6 29. h3 Rf6 30. Qb4 {[%emt 0:01:11] [#] Black must now prevent Qxd6.} Qxb4 31. axb4 Rxa1+ 32. Nxa1 Nh5 33. Rxf6 Nxf6 {[%emt 0:00:02][%mdl 4096] Endgame KBN-KNN} 34. Nac2 Kg8 35. f3 Kf7 36. Ne3 g6 37. g4 Ke7 38. Kg2 Kd6 39. f4 Be8 40. Kf3 Ne4 41. Nd1 Bd7 42. Nf2 Nd2+ 43. Ke2 Nc4 44. Nd3 Ke7 45. Ne5 Nxe5 46. fxe5 {[%emt 0:00:01] KB-KN} g5 47. Ke3 h5 $2 {[%emt 0:04:05][%mdl 8192] [#] This costs Black the game.} (47... Kf7 $16) 48. gxh5 $18 Bxh3 49. h6 {[%emt 0:03:35] White mates.} Kf8 50. e6 Kg8 51. Kf3 Kh7 52. Kg3 Bxe6 53. Nxe6 Kxh6 {[%emt 0:00:07] KN-K3P} 54. Kg4 Kg6 55. Nxg5 Kf6 56. Kf4 d4 57. Nf3 Ke6 58. Ke4 {[%emt 0:05:05] Weighted Error Value: White=0.05 (flawless) /Black=0.13 (very precise)} 1-0

[Event "5th Sharjah Masters 2022"]
[Site "Sharjah"]
[Date "2022.05.27"]
[Round "7.37"]
[White "Hesham, Abdelrahman"]
[Black "Vogt, Lothar"]
[Result "0-1"]
[ECO "E84"]
[WhiteElo "2412"]
[BlackElo "2365"]
[Annotator "TA"]
[PlyCount "74"]
[EventDate "2022.05.21"]
[EventType "swiss"]
[EventCountry "UAE"]
[SourceTitle "playchess.com"]
[Source "ChessBase"]
[SourceQuality "1"]
[TimeControl "5400+30"]

1. d4 Nf6 2. c4 g6 3. Nc3 Bg7 4. e4 d6 5. f3 O-O 6. Be3 Nc6 7. Nge2 a6 8. Qd2 Rb8 9. h4 h5 10. Nc1 e5 11. d5 Nd4 12. Nb3 Nxb3 13. axb3 c5 14. Be2 {[%emt 0:00:31] E84: King's Indian: Sämisch Panno: 7 Nge2 a6 8 Qd2 Rb8.} Bd7 15. Nd1 Qc8 16. b4 {[%emt 0:00:50] White is better.} b6 17. Nf2 {[%emt 0:00:29] [#]} Nh7 $146 ({Predecessor:} 17... Ra8 18. bxc5 bxc5 19. b4 cxb4 20. Qxb4 Qb8 21. Qa5 Rc8 22. O-O Qc7 23. Bb6 Qb7 {1-0 (44) Sipila,V (2399)-Ivanov,S (2080) Jyvaskyla 2019}) 18. Nd3 (18. Bh6 $16) 18... f5 $11 19. bxc5 bxc5 20. b4 (20. Qc2 $11) 20... Nf6 $17 21. exf5 Bxf5 {[%emt 0:08:47] Threatens to win with ...e4.} 22. O-O e4 23. Nxc5 dxc5 $19 24. Bxc5 Rf7 25. d6 Nd7 (25... exf3 $19 26. Bxf3 Qe6) 26. Ra5 $2 {[%emt 0:06:04] White does not recover from this.} (26. Ba7 $17) 26... Nxc5 27. Rxc5 Qb7 28. fxe4 (28. Rd5 $142) 28... Qxe4 {[%emt 0:02:33] [#] aiming for ...Bd4+.} 29. Rd5 {[%emt 0:03:04] Inhibits Bd4+.} Be6 30. Bf3 Qxc4 31. Rd3 Qxb4 32. Qg5 (32. Qxb4 $142 Rxb4 33. Rfd1) 32... Qb5 33. Qe3 Bc4 34. Rdd1 Bxf1 35. Rxf1 {[%emt 0:00:43] [#]} Rxf3 $1 36. Qe6+ (36. Rxf3 Qd5) 36... Kh7 37. gxf3 Qe5 {[%emt 0:01:35] Weighted Error Value: White=1.44/Black=0.30} (37... Qc5+ $142 38. Kh1 Rb4 39. Qh3 Qxd6 40. Kg1 Bd4+ 41. Kh1 Be5 42. f4 Bxf4 43. Qf3 Be5 44. Rf2 Qd4 45. Kg2 Qxh4 46. Qf7+ Kh6 47. Qf3 Kh7 48. Qf7+ Kh6 49. Qf8+ Bg7 50. Qxb4 Qxb4 51. Kf1 Qe4 52. Rh2 Bc3 53. Rf2 Qe1+ 54. Kg2 Bd4 55. Rf4 Bc5 56. Rf7 Qg1+ 57. Kh3 Bd6 58. Rh7+ Kxh7 59. Kh4 Qg4#) 0-1

[Event "5th Sharjah Masters 2022"]
[Site "Sharjah"]
[Date "2022.05.27"]
[Round "7.39"]
[White "Begmuratov, Khumoyun"]
[Black "Injac, Teodora"]
[Result "1-0"]
[ECO "B22"]
[WhiteElo "2384"]
[BlackElo "2384"]
[Annotator "TA"]
[PlyCount "59"]
[EventDate "2022.05.21"]
[EventType "swiss"]
[EventCountry "UAE"]
[SourceTitle "playchess.com"]
[Source "ChessBase"]
[SourceQuality "1"]
[TimeControl "5400+30"]

1. e4 c5 2. c3 Nf6 3. e5 Nd5 4. d4 cxd4 5. Qxd4 e6 6. Nf3 Nc6 7. Qe4 d6 8. Bb5 Bd7 9. c4 Nb6 {[%emt 0:12:53][%cal Bd5b6,Bb6c8,Bc8d6][%mdl 32] B22: Sicilian: 2 c3.} 10. Be3 ({White should play} 10. exd6 $11 Bxd6 11. Bg5) 10... a6 11. Bxc6 Bxc6 {[%emt 0:00:04] [#] Black is slightly better.} 12. Qd4 $146 ({Predecessor:} 12. Qd3 Bxf3 13. gxf3 Rc8 14. Nd2 Qc7 15. exd6 Bxd6 16. Ne4 Bb4+ 17. Ke2 Be7 18. Rhg1 {1-0 (34) Conde Riveiro,X (1594)-Garcia Bugallo,J (1911) Pontevedra 2018}) 12... Bxf3 (12... Na4 $5 ) 13. gxf3 Nc8 14. Nc3 {[%emt 0:03:39] 0-0-0 is the strong threat.} Qc7 15. Bf4 {[%emt 0:04:44] Hoping for Rd1.} Qb6 16. Qd3 {[%emt 0:10:29] And now 0-0-0 would win.} dxe5 $1 17. O-O-O Nd6 ({Resist} 17... Bd6 18. Bxe5 $1 Bxe5 19. Qd7+ Kf8 20. c5 $16 (20. Qd8+ Qxd8 21. Rxd8+ Ke7 $16)) 18. Bxe5 O-O-O 19. Kb1 {[%emt 0:07:22] Black must now prevent Na4.} Qc5 $2 {[%emt 0:04:29] [#]} (19... f6 $11 {and Black is okay.} 20. Bg3 (20. Na4 Qc6 $17) 20... Nf7) 20. Qe2 $2 (20. Bg3 $1 $18) 20... Be7 $2 (20... Nf5 $14) 21. Na4 $18 Qc6 22. c5 Qxa4 23. cxd6 Bf6 24. d7+ {[%emt 0:00:22] White is clearly winning.} Rxd7 25. Rxd7 {[%emt 0:00:04] White wants to mate with Rc1+.} Kxd7 26. Qd3+ Ke8 27. Bxf6 gxf6 {[%emt 0:00:20] [#]} (27... Qd7 $142 28. Qxd7+ Kxd7 29. Rd1+ Kc6 30. Bxg7 Rg8) 28. Rd1 $1 Kf8 29. Qd8+ Qe8 30. Qb8 $4 {[%emt 0:24:50][%mdl 40960] Weighted Error Value: White=0.21 (precise) /Black=0.71. Loss on time!?} 1-0

[Event "5th Sharjah Masters 2022"]
[Site "Sharjah"]
[Date "2022.05.27"]
[Round "7.40"]
[White "Al Hosani, Omran"]
[Black "Saeed, Ishaq"]
[Result "1-0"]
[ECO "C90"]
[WhiteElo "2191"]
[BlackElo "2397"]
[Annotator "TA"]
[PlyCount "156"]
[EventDate "2022.05.21"]
[EventType "swiss"]
[EventCountry "UAE"]
[SourceTitle "playchess.com"]
[Source "ChessBase"]
[SourceQuality "1"]
[TimeControl "5400+30"]

1. e4 e5 2. Nf3 Nc6 3. Bb5 a6 4. Ba4 Nf6 5. O-O b5 6. Bb3 Bb7 7. d3 Be7 8. c3 O-O 9. Re1 d6 10. Nbd2 Na5 11. Bc2 c5 12. Nf1 Re8 13. Ng3 {[%emt 0:03:08] C90: Closed Ruy Lopez with 7...d6: Early deviations.} h6 14. Nf5 {[%emt 0:00:54][%cal Oc1h6] Black must now prevent Bxh6!} Bf8 {[%emt 0:00:06] [#]} 15. Nd2 $146 {[%emt 0:10:17] The position is equal.} ({Predecessor:} 15. h3 d5 16. Qe2 Bc8 17. Ng3 d4 18. Nh2 Nc6 19. a4 Be6 20. Ng4 Nxg4 21. hxg4 g6 22. axb5 axb5 23. Rxa8 Qxa8 {0-1 (37) Stoleriu,G (2349)-Quesada Perez,Y (2565) Chess.com INT 2020}) 15... g6 16. Ng3 Bg7 17. a4 c4 18. axb5 (18. b3 {looks sharper.} d5 19. axb5 cxb3 20. Nxb3 axb5 21. Be3) 18... axb5 19. b4 (19. Nf3 {is more complex.} cxd3 20. Bxd3 Nc4 21. Rxa8 Qxa8 22. b3) 19... cxb3 $1 20. Nxb3 Nxb3 21. Rxa8 Qxa8 22. Bxb3 d5 23. Qe2 Nd7 24. Qf3 Nc5 (24... Qa1 $15) 25. Bxd5 $11 Bxd5 26. exd5 f5 27. h4 h5 28. Bg5 Nb7 ({Black should try} 28... Rc8 $14) 29. Qe3 {[%emt 0:09:30] White is more active.} (29. c4 $16) 29... Nd6 $14 30. Qc5 Bf8 31. Nf1 ({Better is} 31. d4 $14 exd4 32. Rxe8 Qxe8 33. Qxd4) 31... Rc8 $11 32. Qe3 Qxd5 33. Bf6 Nf7 (33... Rxc3 {is interesting.} 34. Qg3 Kf7 35. Rxe5 Qc6) 34. Bxe5 Nxe5 35. Qxe5 Qxe5 36. Rxe5 Rxc3 {[%emt 0:00:05] Strongly threatening ...b4.} 37. Rxb5 Rxd3 {[%emt 0:00:07][%mdl 4096] Endgame KRB-KRN} 38. g3 Be7 39. Kg2 f4 40. gxf4 Bxh4 41. Rb6 Kf7 42. Ng3 Bd8 43. Rb7+ Kf6 44. f5 gxf5 45. Nxh5+ Kg5 46. Ng3 f4 47. Ne4+ Kg6 48. f3 Kh6 49. Rf7 Ra3 50. Rxf4 Kg6 51. Rf8 Be7 52. Re8 Kf7 53. Rc8 Ke6 54. Kg3 Ra1 55. Kf4 Rg1 56. Rc6+ Kd5 57. Ra6 Rg8 $2 {[%emt 0:00:52][%mdl 8192] [#] Loses the game.} (57... Rh1 $11) 58. Nf6+ $1 $18 Bxf6 59. Rxf6 {[%emt 0:00:06] KR-KR. White mates.} Rg1 60. Kf5 Rf1 61. f4 Rf2 62. Rf8 Kd6 63. Re8 Kd7 64. Re4 Ra2 65. Kg5 Rg2+ 66. Kf6 Rg1 67. f5 Rf1 68. Kg6 Rg1+ 69. Kf7 Kd6 70. f6 Rf1 71. Re6+ Kd7 72. Re2 Kd6 73. Rd2+ Kc7 74. Ke7 Re1+ 75. Kf8 Rf1 76. f7 Rg1 77. Rd4 Kc6 78. Ke7 Re1+ {[%emt 0:00:09] Weighted Error Value: White=0.11 (very precise) /Black=0.21 (precise)} 1-0

[Event "5th Sharjah Masters 2022"]
[Site "Sharjah"]
[Date "2022.05.28"]
[Round "8.1"]
[White "Abdusattorov, Nodirbek"]
[Black "Deac, Bogdan-Daniel"]
[Result "1/2-1/2"]
[ECO "C50"]
[WhiteElo "2661"]
[BlackElo "2671"]
[Annotator "TA"]
[PlyCount "87"]
[EventDate "2022.05.21"]
[EventType "swiss"]
[EventCountry "UAE"]
[SourceTitle "playchess.com"]
[Source "ChessBase"]
[SourceQuality "1"]
[TimeControl "5400+30"]

1. e4 e5 2. Nf3 Nc6 3. Bc4 Nf6 4. d3 Bc5 5. Nc3 a6 6. a4 {[%emt 0:00:16] C50: Hungarian Defence and Giuoco Pianissimo.} d6 7. Be3 {[%emt 0:01:27] [#]} Bb4 $146 ({Predecessor:} 7... O-O 8. Nd5 Nxd5 9. Bxd5 Ne7 10. Bb3 Ng6 11. Qd2 Bg4 12. Bg5 Qd7 13. Nh4 Nxh4 14. Bxh4 {0-1 (57) Kannenberg,K (2182)-Perske,T (2454) Tegernsee 2018}) 8. O-O {[%emt 0:01:51] White has an edge.} Bxc3 9. bxc3 h6 10. Nd2 O-O 11. d4 Qe7 12. Re1 Ng4 13. Nf1 exd4 14. Bxd4 Nge5 {[%emt 0:04:37] Pair of Knights!} 15. Bb3 Na5 (15... Qg5 {keeps more tension.} 16. Ne3 Na5 17. g3 Ng4) 16. Ne3 (16. f4 $5 Bg4 17. Qd2 $14) 16... Nxb3 (16... Qg5 {with more complications.} 17. g3 Ng4 18. Nd5 c5) 17. cxb3 Nc6 18. Nd5 Qd8 19. Re3 Nxd4 20. Qxd4 Be6 21. Nf4 Qg5 {[%emt 0:11:44] [#]} 22. Rg3 $1 Qe5 23. Qxe5 dxe5 24. Nxe6 fxe6 $14 {[%emt 0:00:05][%mdl 4096] Endgame KRR-KRR} 25. Rd1 a5 26. Rd7 Rf7 27. Rgd3 {[%emt 0:00:09] Rxf7 is the strong threat.} Ra6 28. Rd8+ Rf8 29. Kf1 Rb6 30. c4 Rxd8 31. Rxd8+ $11 {[%emt 0:00:03] KR-KR} Kf7 32. Rd3 Ke7 33. Ke2 g6 34. h4 c5 35. f4 Rd6 {[%emt 0:00:34] The position is equal.} 36. Rg3 Rd4 37. fxe5 {[%emt 0:00:35] [#] Strongly threatening Ke3.} Rxe4+ 38. Kf3 Rxh4 {[%emt 0:00:09] Threatens to win with ...g5.} 39. Rxg6 {[%emt 0:00:11] Black must now prevent Rg7+.} Kf7 {[%emt 0:00:09] Prevents Rg7+.} 40. Rf6+ Ke7 41. Rg6 Kf7 {[%emt 0:00:07] Inhibits Rg7+.} 42. Rf6+ Ke7 43. Rg6 {[%emt 0:00:02] aiming for Rg7+.} Kf7 {[%emt 0:00:09] Against Rg7+} 44. Rf6+ {[%emt 0:00:06] Weighted Error Value: White=0.07 (flawless) /Black=0.05 (flawless)} 1/2-1/2

[Event "5th Sharjah Masters 2022"]
[Site "Sharjah"]
[Date "2022.05.28"]
[Round "8.2"]
[White "Niemann, Hans Moke"]
[Black "Salem, A.R. Saleh"]
[Result "0-1"]
[ECO "D97"]
[WhiteElo "2656"]
[BlackElo "2690"]
[Annotator "TA"]
[PlyCount "102"]
[EventDate "2022.05.21"]
[EventType "swiss"]
[EventCountry "UAE"]
[SourceTitle "playchess.com"]
[Source "ChessBase"]
[SourceQuality "1"]
[TimeControl "5400+30"]

1. d4 Nf6 2. c4 g6 3. Nc3 d5 4. Nf3 Bg7 5. Qb3 dxc4 6. Qxc4 O-O 7. e4 a6 8. Be2 b5 9. Qb3 c5 10. dxc5 Bb7 11. O-O Nxe4 12. Nxe4 Bxe4 13. Bf4 {[%emt 0:00:10] D97: Grünfeld: Russian System: 7 e4, replies other than 7...Bg4.} Bd5 14. Qe3 Nc6 15. Rad1 {[%emt 0:00:16] The position is equal.} e6 (15... Bxb2 16. Qd2 e5 17. Bh6 $16 (17. Qxb2 exf4 18. Rd2 Ra7 $11)) 16. Rd2 Qa5 17. a3 b4 18. Bd6 Rfe8 19. h4 bxa3 20. bxa3 {[%emt 0:00:12][%cal Oh4h5] [#]} h6 $5 $146 {[%emt 0:11:03][%mdl 8] New and interesting.} ({Predecessor:} 20... Bf8 21. Rfd1 Rad8 22. Ng5 Ne7 23. Qf4 Nf5 24. Bc7 Qxc5 25. Bxd8 Rxd8 26. Ne4 Qe7 {½-½ (54) Bennborn,J (2308)-Saharinen,P (1986) ICCF email 2012}) 21. h5 g5 22. Nh2 Qa4 23. Bf3 Nd4 24. Bxd5 exd5 25. Qd3 Qc4 26. Nf3 Ne2+ 27. Kh2 Re4 28. g3 g4 29. Nh4 Nd4 $1 30. Kg2 Rae8 31. Qb1 (31. Rb1 $11 {remains equal.}) 31... Bf6 $17 {[%emt 0:14:16] Black is more active. Black keeps a firm grip on the game.} 32. Rc1 (32. Rxd4 $17 Bxd4 33. Nf5) 32... Qa4 $1 $19 {[%emt 0:00:00] aiming for ...Nb3. Chess con chili.} 33. Rxd4 (33. Rcd1 Bxh4 34. gxh4) 33... Bxd4 ({Weaker is} 33... Qxd4 34. Nf5 Qd2 35. Rd1 $11) 34. Nf5 Qd7 $1 ({Stronger than} 34... Qxa3 35. Nxh6+ Kg7 36. Nf5+ Kf6 37. Nxd4 Rxd4 38. h6 $17) 35. Nxd4 Rxd4 36. Bf4 {[%emt 0:00:32] [#]} Rc4 $1 37. Qb6 $2 (37. Bxh6 Qe6 38. Bf4) 37... Qe6 $2 (37... Rxc1 38. Bxc1 Qf5) 38. Rb1 Rc2 ({Avoid the trap} 38... Qe2 $2 39. Kg1 $19) 39. Kg1 (39. Qxe6 $142 Rxe6 40. Kf1) 39... d4 40. Rd1 (40. Qxe6 $142 fxe6 41. Rb4) 40... d3 (40... Qe4 $142 {[%cal Oc2f2] ( -> ...Rxf2!)} 41. Rf1 Re6 42. Qd8+ Kh7) 41. Qd6 $2 (41. Qxe6 $19 Rxe6 42. Be3) 41... Qe2 42. Rf1 d2 43. Qd7 {[%emt 0:01:44] [#]} Qxf1+ $3 {[%emt 0:01:54][%mdl 512] Black mates.} 44. Kxf1 Re1+ 45. Kg2 d1=Q 46. Qc8+ Kg7 47. Bxh6+ Kxh6 48. Qf8+ Kxh5 49. Qxf7+ {[%emt 0:00:05] [#]} Kg5 $1 50. Qg7+ Kf5 51. Qf7+ Ke5 {[%emt 0:00:19] Weighted Error Value: White=0.69/Black=0.21 (precise)} 0-1